[Event "Team 45 45 League T79"]
[Site "Internet Chess Club"]
[Date "2019.02.04"]
[Round "6"]
[White "Hectormercado"]
[Black "QuieroAprender"]
[Result "0-1"]
[WhiteElo "1437"]
[BlackElo "1692"]
[Opening "Two knights defense"]
[ECO "C55"]
[Time "19:36:32"]
[TimeControl "2700+45"]

1. e4 e5 2. Nf3 Nc6 3. Bc4 Nf6 4. Qe2 Bc5 5. c3 O-O 6. d3 d5 7. Bb3 a5 8. Nbd2
a4 9. Bc2 d4 10. O-O Bg4 11. h3 Bh5 12. Rd1 h6 13. Nf1 Qe7 14. Ng3 Bg6 15. Nh4
Bh7 16. Ngf5 Qd8 17. Qf3 Kh8 18. Qg3 Rg8 19. Nf3 Bxf5 20. exf5 Re8 21. Re1 Bd6
22. Qh4 Nd5 23. Ng5 Kg8 24. Qe4 Nf6 25. Nxf7 Kxf7 26. Qh4 Qd7 27. b3 Qxf5 28.
bxa4 dxc3 29. Bb3+ Kf8 30. Qc4 Qg6 31. Be3 e4 32. dxe4 Ne5 33. Qe2 Qxe4 34. Bc2
Qc4 35. Bb3 Qxe2 36. Rxe2 Nc6 37. Rae1 Nb4 38. Bd4 c2 39. Rxe8+ Rxe8 40. Rc1 Nd3
41. Rxc2 Re1# {White checkmated} 0-1

[Event "Team 45 45 League T79"]
[Site "Internet Chess Club"]
[Date "2019.01.31"]
[Round "6"]
[White "mongmong"]
[Black "drsigmund1"]
[Result "0-1"]
[WhiteElo "1479"]
[BlackElo "1501"]
[Opening "Queen's pawn"]
[ECO "A40"]
[Time "19:30:16"]
[TimeControl "2700+45"]

1. d4 e6 2. Nf3 f5 3. g3 d5 4. c4 c6 5. Nbd2 Nf6 6. Bg2 Bd6 7. O-O O-O 8. Ne5
Nbd7 9. Ndf3 Ne4 10. b3 Ndf6 11. Bb2 Bb4 12. a3 Ba5 13. Rc1 Bd7 14. cxd5 cxd5
15. b4 Bc7 16. Nxd7 Qxd7 17. Qb3 Rac8 18. Rc2 Nd6 19. Nd2 Nfe4 20. Bxe4 fxe4 21.
Rfc1 Bb6 22. Rxc8 Nxc8 23. e3 Qf7 24. Rf1 Nd6 25. a4 a6 26. b5 a5 27. Ba3 Rd8
28. Bc5 Bc7 29. b6 Bb8 30. Qc3 Nf5 31. Qxa5 h5 32. Nb3 h4 33. g4 Nh6 34. Qe1
Nxg4 35. h3 Nh2 36. Nd2 Nxf1 37. Nxf1 Qf3 38. Nd2 Qxh3 39. f4 exf3 40. Qf2 Qg4+
41. Kf1 h3 42. Qxf3 Qxf3+ 43. Nxf3 Rd7 44. Ng5 h2 45. Kg2 e5 46. Ne6 exd4 47.
exd4 Rf7 48. Nc7 Bxc7 49. bxc7 Rxc7 50. Kxh2 Kf7 51. Kg3 g6 52. a5 Ke6 53. Kf4
Rc6 54. Kg5 Kd7 55. Bb6 Rxb6 56. axb6 Kc6 57. Kxg6 Kxb6 58. Kf6 Kb5 59. Ke5 Kc4
{White resigns} 0-1

[Event "Team 45 45 League T79"]
[Site "Internet Chess Club"]
[Date "2019.02.02"]
[Round "6"]
[White "olivermx"]
[Black "smsxman"]
[Result "1/2-1/2"]
[WhiteElo "1185"]
[BlackElo "1347"]
[Opening "French defense"]
[ECO "C01"]
[Time "12:06:15"]
[TimeControl "2700+45"]

1. e4 e6 2. d4 c5 3. c3 cxd4 4. cxd4 Nf6 5. e5 Nd5 6. Bc4 Bb4+ 7. Bd2 Bxd2+ 8.
Qxd2 Nb6 9. Bb3 Nc6 10. Nf3 Qe7 11. O-O Qb4 12. Qxb4 Nxb4 13. Nc3 a6 14. a3 Nc6
15. Ne4 O-O 16. Nd6 Na5 17. Bc2 Nbc4 18. Nxc4 Nxc4 19. b3 Nb6 20. Nd2 Nd5 21.
Ne4 b6 22. Nd6 Rb8 23. Rac1 Nf4 24. Rfe1 Bb7 25. Nxb7 Rxb7 26. g3 Nh3+ 27. Kg2
Ng5 28. h4 h6 29. hxg5 hxg5 30. Rh1 g6 31. Rh2 Kg7 32. Rch1 Rg8 33. Bd3 b5 34.
Rh7+ Kf8 35. Rh8 Rxh8 36. Rxh8+ Kg7 37. Ra8 Rb6 38. Ra7 d6 39. exd6 Rxd6 {Game
drawn by mutual agreement} 1/2-1/2

[Event "Team 45 45 League T79"]
[Site "Internet Chess Club"]
[Date "2019.02.03"]
[Round "6"]
[White "dabodhi"]
[Black "oldbookseller"]
[Result "1-0"]
[WhiteElo "1272"]
[BlackElo "1021"]
[Opening "Scotch opening"]
[ECO "C44"]
[Time "15:03:55"]
[TimeControl "2700+45"]

1. e4 e5 2. Nf3 Nc6 3. d4 Nf6 4. Bg5 Be7 5. Bxf6 Bxf6 6. d5 Ne7 7. c4 d6 8. Be2
O-O 9. O-O Ng6 10. Kh1 Qd7 11. Rg1 Qe7 12. g3 Nf4 13. gxf4 g6 14. f5 Bh4 15.
Nxh4 Qxh4 16. Qf1 Qxe4+ 17. f3 Qxf5 18. Bd3 Qh5 19. Nd2 f5 20. Qf2 f4 21. Ne4
Bf5 22. Rg5 Qh3 23. Rag1 h6 24. Bf1 hxg5 25. Bxh3 Bxh3 26. Nxg5 Bf5 27. Qh4 Kg7
28. Ne6+ Kf7 29. Nxf8 Rxf8 30. Qh7+ Kf6 31. Qxc7 e4 32. Qxd6+ Kf7 33. Qxf4 Kg7
34. Qe5+ Kh6 35. Re1 exf3 36. Qf4+ g5 37. Qxf3 g4 38. Re6+ Kh5 39. Qe3 Kh4 40.
Rh6# {Black checkmated} 1-0

[Event "Team 45 45 League T79"]
[Site "Internet Chess Club"]
[Date "2019.02.02"]
[Round "6"]
[White "Kingfisher75"]
[Black "Ecclesiastic"]
[Result "1-0"]
[WhiteElo "1560"]
[BlackElo "1568"]
[Opening "Caro-Kann: Steinitz variation"]
[ECO "B17"]
[Time "19:00:46"]
[TimeControl "2700+45"]

1. e4 c6 2. d4 d5 3. Nc3 dxe4 4. Nxe4 Nd7 5. Nf3 Ngf6 6. Ng3 e6 7. Bd3 Bd6 8.
Qe2 O-O 9. Bg5 e5 10. Ne4 Bc7 11. O-O Re8 12. dxe5 Nxe5 13. Bxf6 gxf6 14. Rad1
Bf5 15. Nxe5 fxe5 16. Qf3 Bg6 17. Nf6+ Kg7 18. Nxe8+ Qxe8 19. Bxg6 hxg6 20. Rfe1
Qe6 21. b3 Rh8 22. g3 Qh3 23. Qg2 Qf5 24. Re2 Qh5 25. Red2 Ba5 26. Rd7 Qf5 27.
c4 Qc2 28. Qf3 Rf8 29. Rxb7 Qxa2 30. Rxa7 Qa3 31. Rdd7 Qxb3 {Black resigns} 1-0

[Event "Team 45 45 League T79"]
[Site "Internet Chess Club"]
[Date "2019.02.02"]
[Round "6"]
[White "zajohns"]
[Black "Kingofknights"]
[Result "0-1"]
[WhiteElo "1338"]
[BlackElo "1448"]
[Opening "Caro-Kann: Steinitz variation"]
[ECO "B17"]
[Time "14:01:10"]
[TimeControl "2700+45"]

1. e4 c6 2. Nc3 d5 3. d4 dxe4 4. Nxe4 Nd7 5. Nf3 Ngf6 6. Bd3 Nxe4 7. Bxe4 Nf6 8.
Bd3 Bg4 9. Be3 e6 10. O-O Qd5 11. Be2 Be7 12. c4 Qd8 13. Ne5 Bxe2 14. Qxe2 O-O
15. Rfd1 Qc7 16. c5 Bxc5 17. Bf4 Bd6 18. g3 Nd5 19. Qe4 Nxf4 20. gxf4 f6 21. Nc4
Bxf4 22. Qxe6+ Kh8 23. Qh3 b5 24. Ne3 Rad8 25. Rd3 c5 26. Rc1 Qd6 27. Nf5 Qd7
28. Rxc5 g6 29. Rf3 Bc7 30. Nh4 Kg7 31. Rfc3 Qxh3 32. Rxh3 Bb6 33. Rxb5 Rxd4 34.
Rf3 Rxh4 35. Rd3 Rf4 36. Rd2 Re8 37. Rbd5 Re5 38. Rd7+ Kh6 39. R7d3 Rg5+ 40. Rg3
Rxg3+ 41. hxg3 Ra4 42. b3 Rd4 43. Rc2 Kg5 44. Kg2 h5 45. a4 h4 46. Ra2 Rb4 47.
a5 Bd4 48. Rd2 hxg3 49. fxg3 Bc3 50. Rd7 Rxb3 51. Rxa7 Be5 52. a6 Rxg3+ 53. Kf2
Bd4+ {White resigns} 0-1

[Event "Team 45 45 League T79"]
[Site "Internet Chess Club"]
[Date "2019.02.01"]
[Round "6"]
[White "wildwood"]
[Black "PawnToH4"]
[Result "1-0"]
[WhiteElo "1548"]
[BlackElo "1307"]
[Opening "French: Steinitz variation"]
[ECO "C11"]
[Time "12:02:05"]
[TimeControl "2700+45"]

1. e4 e6 2. d4 d5 3. Nc3 Nf6 4. e5 Nfd7 5. f4 c5 6. Nf3 Nc6 7. Ne2 Qb6 8. b3
cxd4 9. Nexd4 Nxd4 10. Qxd4 Bc5 11. Qd2 a5 12. Bb2 Qc6 13. Bd4 b6 14. Bd3 Ba6
15. O-O O-O 16. Kh1 Be7 17. Rac1 Rfc8 18. c4 Bb4 19. Qe3 Nc5 20. cxd5 Qxd5 21.
Bxa6 Rxa6 22. Bb2 Raa8 23. a3 Nd3 24. Rcd1 Qxb3 25. axb4 Qxb2 26. Qxd3 Qxb4 27.
Rb1 Qxf4 28. Rxb6 Rd8 29. Rd6 Rxd6 30. exd6 Rd8 31. Rd1 f6 32. d7 a4 33. Qc2 Qb8
34. Qxa4 Kf7 35. Qc6 Ke7 36. Nd4 Qa7 37. Qxe6+ Kf8 38. Nc6 Rxd7 39. Qxd7 Qxd7
{Black resigns} 1-0

[Event "Team 45 45 League T79"]
[Site "Internet Chess Club"]
[Date "2019.02.04"]
[Round "6"]
[White "zadagat"]
[Black "kingphisch"]
[Result "0-1"]
[WhiteElo "1100"]
[BlackElo "1456"]
[Opening "Queen's pawn game"]
[ECO "A45"]
[Time "15:00:46"]
[TimeControl "2700+45"]

1. d4 Nf6 2. e3 d5 3. c4 e6 4. Nc3 c6 5. c5 Be7 6. Bd3 Nbd7 7. b4 O-O 8. f4 b5
9. Nf3 a5 10. Ba3 Bb7 11. Ne5 axb4 12. Bxb4 Re8 13. g4 Nf8 14. g5 N6d7 15. h4 f5
16. h5 Nxe5 17. dxe5 Nd7 18. Bc2 Nxc5 19. Bxc5 Bxc5 20. e4 dxe4 21. Nxe4 fxe4
22. Bxe4 Qxd1+ 23. Rxd1 Rad8 24. Ke2 Rd4 25. Rxd4 Bxd4 26. h6 g6 27. Bxg6 hxg6
28. h7+ Kg7 29. Kf3 c5+ {White resigns} 0-1

[Event "Team 45 45 League T79"]
[Site "Internet Chess Club"]
[Date "2019.01.31"]
[Round "6"]
[White "seattleblues"]
[Black "RD1974"]
[Result "0-1"]
[WhiteElo "1234"]
[BlackElo "1609"]
[Opening "Queen's pawn"]
[ECO "A40"]
[Time "19:57:23"]
[TimeControl "2700+45"]

1. d4 e6 2. Nf3 c5 3. c3 d5 4. Bf4 Bd7 5. Nbd2 Nf6 6. e3 Nc6 7. Bd3 c4 8. Bc2 b5
9. O-O Nh5 10. Bg5 Nf6 11. Re1 h6 12. Bh4 b4 13. e4 g5 14. Bg3 bxc3 15. bxc3 Na5
16. exd5 Nxd5 17. Ne4 Bc6 18. Ba4 Nb6 19. Bxc6+ Nxc6 20. a4 a5 21. Ne5 Rc8 22.
Nxc6 Rxc6 23. Qf3 Nd5 24. Rab1 Be7 25. Be5 Rg8 26. Rb7 g4 27. Qd1 f5 28. Rb8 Rc8
29. Rxc8 Qxc8 30. Nd6+ Bxd6 31. Bxd6 Nxc3 32. Qc2 Ne4 33. Be5 Qc6 34. Rb1 Kf7
35. Rb5 c3 36. Rxa5 Qc4 37. Ra7+ Kg6 38. Rc7 Qa6 39. Bf4 h5 40. Be3 Qb6 41. Rd7
Rb8 42. g3 Qb2 {White resigns} 0-1

[Event "Team 45 45 League T79"]
[Site "Internet Chess Club"]
[Date "2019.02.03"]
[Round "6"]
[White "CMAlge"]
[Black "Conjurer"]
[Result "0-1"]
[WhiteElo "1285"]
[BlackElo "1276"]
[Opening "Alekhine's defense"]
[ECO "B03"]
[Time "13:02:55"]
[TimeControl "2700+45"]

1. e4 Nf6 2. e5 Nd5 3. d4 e6 4. c4 Nb6 5. Nc3 c5 6. d5 d6 7. Nf3 g6 8. Bg5 Be7
9. Qd2 O-O 10. Bh6 Re8 11. Qf4 dxe5 12. Nxe5 f5 13. Be2 exd5 14. Rd1 d4 15. Nd5
Nxd5 16. cxd5 Qa5+ 17. Rd2 Bf6 18. Ng4 Nd7 19. Nxf6+ Nxf6 20. O-O Nxd5 21. Qd6
Be6 22. Qe5 Qc7 23. Qxc7 Nxc7 24. b3 Bd5 25. Rc1 b6 26. b4 Ne6 27. bxc5 bxc5 28.
Bc4 Bxc4 29. Rxc4 Rac8 30. Ra4 Nd8 31. Rxa7 Re1# {White checkmated} 0-1

[Event "Team 45 45 League T79"]
[Site "Internet Chess Club"]
[Date "2019.02.01"]
[Round "6"]
[White "guyd52"]
[Black "seldredg"]
[Result "1-0"]
[WhiteElo "1192"]
[BlackElo "1259"]
[Opening "Réti v Dutch"]
[ECO "A04"]
[Time "17:31:04"]
[TimeControl "2700+45"]

1. Nf3 f5 2. g3 Nf6 3. Bg2 g6 4. d3 d6 5. O-O Bg7 6. c3 O-O 7. Nbd2 e5 8. e4 c6
9. Re1 f4 10. gxf4 Bg4 11. fxe5 dxe5 12. Qc2 Nbd7 13. Qb3+ Kh8 14. Qxb7 c5 15.
Nc4 Qe7 16. Nfxe5 Nh5 17. Nxg4 Nf4 18. Bxf4 h5 19. Bd6 Qf7 20. Bxf8 Rxf8 21.
Nce3 hxg4 22. Nxg4 Qe6 23. h3 Ne5 24. Qd5 Qe7 25. Nxe5 Bxe5 26. f3 Qg5 27. Rf1
Qg3 28. Qxc5 Qh2+ 29. Kf2 Qg3+ 30. Ke2 Qxg2+ 31. Rf2 Qg3 32. Qxf8+ Kh7 33. Qf7+
Kh6 34. Qf8+ Bg7 35. Qc5 Bf6 36. Qe3+ Bg5 37. f4 {Black resigns} 1-0

[Event "Team 45 45 League T79"]
[Site "Internet Chess Club"]
[Date "2019.02.04"]
[Round "6"]
[White "clarinetref"]
[Black "noblitz-oblige"]
[Result "0-1"]
[WhiteElo "1440"]
[BlackElo "1519"]
[Opening "English opening"]
[ECO "A20"]
[Time "10:07:28"]
[TimeControl "2700+45"]

1. c4 e5 2. g3 Nf6 3. Bg2 Nc6 4. d3 h6 5. a3 a6 6. Nc3 Bc5 7. e3 d6 8. h3 O-O 9.
b4 Ba7 10. Nge2 Re8 11. b5 axb5 12. cxb5 Ne7 13. O-O d5 14. d4 e4 15. a4 c6 16.
Ba3 Ng6 17. Qb3 Be6 18. Kh2 Rc8 19. a5 c5 20. b6 Bb8 21. Qb2 c4 22. Nb5 Qd7 23.
Na7 Rcd8 24. Qb5 Bxa7 25. Qxd7 Nxd7 26. bxa7 Ra8 27. Bc5 Nxc5 28. dxc5 Rxa7 29.
Rfb1 Bd7 30. Nc3 Ne7 31. f3 f5 32. Rb6 Bc6 33. fxe4 fxe4 34. g4 Rea8 35. Rab1
Rxa5 36. Rxb7 Bxb7 37. Rxb7 R5a7 38. Rb6 Rc7 39. Re6 Kf7 40. Re5 Rxc5 41. g5 Ra3
42. Nxe4 Rca5 43. g6+ Nxg6 44. Nd6+ Kf6 45. Rxd5 Rxd5 46. Bxd5 c3 47. Nb5 c2 48.
Nxa3 c1=Q 49. Nc4 Ne7 {White resigns} 0-1

[Event "Team 45 45 League T79"]
[Site "Internet Chess Club"]
[Date "2019.02.02"]
[Round "6"]
[White "OGO"]
[Black "Electryon"]
[Result "0-1"]
[WhiteElo "1289"]
[BlackElo "1436"]
[Opening "QGD semi-Slav"]
[ECO "D43"]
[Time "14:01:09"]
[TimeControl "2700+45"]

1. d4 d5 2. c4 c6 3. Nc3 Nf6 4. Nf3 e6 5. c5 b6 6. b4 a5 7. bxa5 bxc5 8. e3 Qxa5
9. Bd2 cxd4 10. Nxd4 Qc7 11. Bd3 Ba6 12. Qc2 Bxd3 13. Qxd3 Bd6 14. h3 Nbd7 15.
O-O O-O 16. Rfc1 Ne5 17. Qc2 Nc4 18. a4 Rfb8 19. Rab1 Rxb1 20. Rxb1 Na3 21. Qd3
Nxb1 22. Qxb1 Rb8 23. Qc2 c5 24. Ndb5 Qd7 25. f3 Ne8 26. Na2 Nc7 27. Nxc7 Qxc7
28. Nc3 c4 29. Nb5 Qb6 30. Nxd6 Qxd6 31. a5 Qa6 32. Bc3 Qa7 33. Qd2 Rb1+ 34. Kh2
Qc7+ 35. f4 Rb3 36. Qd4 f6 37. g3 Ra3 38. f5 Ra2+ 39. Kh1 Qxg3 40. Bd2 Qxh3+ 41.
Kg1 Qxf5 42. e4 Qxe4 {White resigns} 0-1

[Event "Team 45 45 League T79"]
[Site "Internet Chess Club"]
[Date "2019.02.01"]
[Round "6"]
[White "XGG123"]
[Black "Toalla"]
[Result "1-0"]
[WhiteElo "1410"]
[BlackElo "1171"]
[Opening "Sicilian: Najdorf, 6.Bg5"]
[ECO "B94"]
[Time "19:01:18"]
[TimeControl "2700+45"]

1. e4 c5 2. Nf3 d6 3. d4 cxd4 4. Nxd4 Nf6 5. Nc3 a6 6. Bg5 Nbd7 7. f4 b5 8. Bxf6
Nxf6 9. e5 b4 10. Na4 Ne4 11. Bd3 Bb7 12. e6 Qa5 13. exf7+ Kxf7 14. Bc4+ d5 15.
Bb3 g6 16. f5 Bg7 17. O-O Bf6 18. fxg6+ hxg6 19. Qg4 Qc7 20. Qxe4 Qxh2+ 21. Kf2
Bxd4+ 22. Qxd4 e6 23. Ke1+ Ke8 24. Qe3 e5 25. Qg5 Rg8 26. Nc5 Rb8 27. Nxb7 Rxb7
28. Bxd5 Rf8 29. Qxg6+ {Black resigns} 1-0

[Event "Team 45 45 League T79"]
[Site "Internet Chess Club"]
[Date "2019.02.02"]
[Round "6"]
[White "kingsrook"]
[Black "sdcohle"]
[Result "1-0"]
[WhiteElo "1166"]
[BlackElo "1408"]
[Opening "QGD semi-Slav: 5.e3"]
[ECO "D45"]
[Time "16:04:14"]
[TimeControl "2700+45"]

1. d4 d5 2. c4 c6 3. Nc3 Nf6 4. e3 e6 5. Nf3 Bd6 6. b3 Nbd7 7. Be2 O-O 8. O-O
Re8 9. Qc2 a6 10. a4 b6 11. Ba3 c5 12. dxc5 bxc5 13. Rfd1 Nb6 14. a5 Nbd7 15.
cxd5 exd5 16. Nxd5 Nxd5 17. Rxd5 Qc7 18. Bb2 Bb7 19. Qc3 Be5 20. Nxe5 Bxd5 21.
Nxd7 f6 22. Nxf6+ gxf6 23. Qxf6 Qg7 24. Qxg7# {Black checkmated} 1-0

[Event "Team 45 45 League T79"]
[Site "Internet Chess Club"]
[Date "2019.02.01"]
[Round "6"]
[White "mongmong"]
[Black "BrerRabbit"]
[Result "0-1"]
[WhiteElo "1458"]
[BlackElo "1392"]
[Opening "Queen's Pawn"]
[ECO "A41"]
[Time "19:01:30"]
[TimeControl "2700+45"]

1. d4 d6 2. Nf3 Nf6 3. c4 Nbd7 4. g3 e5 5. Bg2 Be7 6. Nc3 O-O 7. O-O c6 8. Qc2
Re8 9. Rd1 Qc7 10. b3 Bf8 11. Bb2 a6 12. e4 b5 13. cxb5 cxb5 14. Rac1 Bb7 15.
dxe5 dxe5 16. Qe2 Qb6 17. Rd2 Nc5 18. Nh4 Red8 19. Rcd1 Rxd2 20. Rxd2 Rd8 21.
Rxd8 Qxd8 22. Nf5 Qd3 23. f3 Qxe2 24. Nxe2 Nd3 25. Ba1 Nd7 26. Kf1 f6 27. Nc3
Bb4 28. a3 Bxa3 29. Nd5 Kf7 30. Nd6+ Bxd6 {White resigns} 0-1

[Event "Team 45 45 League T79"]
[Site "Internet Chess Club"]
[Date "2019.02.02"]
[Round "6"]
[White "OGO"]
[Black "dabodhi"]
[Result "0-1"]
[WhiteElo "1271"]
[BlackElo "1265"]
[Opening "QGD: 3...Nf6"]
[ECO "D35"]
[Time "21:09:12"]
[TimeControl "2700+45"]

1. d4 d5 2. c4 e6 3. Nc3 Nf6 4. Bd2 Be7 5. e3 Nbd7 6. Nf3 b6 7. a4 a6 8. Bd3
dxc4 9. Bxc4 Bb7 10. O-O O-O 11. Ng5 Nd5 12. Nge4 N7f6 13. Qe2 Bb4 14. Rfd1 Bxc3
15. Nxf6+ Qxf6 16. bxc3 Rfe8 17. Rab1 e5 18. Bxd5 Bxd5 19. e4 exd4 20. cxd4 Rxe4
21. Be3 Qg6 22. Rdc1 Re7 23. Kf1 Qxg2+ 24. Ke1 Bf3 25. Qc4 Bd5 26. Qc3 f5 27.
Kd2 f4 28. Re1 fxe3+ 29. Kc1 Qxf2 30. Rb2 Qf4 31. Kb1 Rae8 32. Ka1 e2 33. Qd3
Re3 34. Qd2 Ra3+ 35. Kb1 Qxd2 36. Rxd2 Bc4 37. d5 Rd3 {White resigns} 0-1

[Event "Team 45 45 League T79"]
[Site "Internet Chess Club"]
[Date "2019.02.02"]
[Round "6"]
[White "Just-Jim"]
[Black "stantheman59"]
[Result "0-1"]
[WhiteElo "1318"]
[BlackElo "1252"]
[Opening "Queen's pawn game"]
[ECO "D00"]
[Time "12:03:59"]
[TimeControl "2700+45"]

1. d4 d5 2. h3 Nf6 3. Nc3 Nc6 4. a3 e6 5. e3 a6 6. Be2 Bd6 7. Nf3 O-O 8. O-O Re8
9. Bd2 e5 10. dxe5 Nxe5 11. Nxe5 Rxe5 12. f4 Re7 13. Bf3 c6 14. Na2 Qb6 15. Re1
Bxf4 16. Re2 Bxe3+ 17. Kh1 d4 18. Qe1 Nd5 19. Bxd5 cxd5 20. Bb4 Re4 21. Ba5 Qxb2
22. Nb4 Qc3 23. Qxc3 dxc3 24. Nxd5 Ra4 25. Bxc3 Re4 26. Nxe3 Bd7 27. Ree1 Rae8
28. Bd2 Bc6 29. Rf1 Rd4 30. Bc3 Rh4 31. Rae1 Rxh3+ 32. Kg1 Rg3 33. Kh2 Rgxe3 34.
Rxe3 Rxe3 35. Rd1 f5 36. Bb4 Re2 37. Rd8+ Kf7 38. Rf8+ Kg6 39. c4 Rxg2+ 40. Kh3
Re2 41. Bd6 Re8 42. Kg3 Rxf8 43. Bxf8 Kf7 44. Bc5 g5 45. Bd4 Kg6 46. c5 h5 47.
Bf2 f4+ 48. Kh3 Kf5 49. Bg1 Ke4 50. Kg2 Kd3+ 51. Kf2 Kc3 52. Ke2 Kb3 53. Kd3
Kxa3 54. Kc4 h4 55. Kd4 Kb3 56. Ke5 a5 57. Kf5 f3 58. Kxg5 h3 59. Kg4 h2 60.
Bxh2 f2 61. Bc7 f1=Q 62. Bxa5 Qc4+ 63. Kh3 Qxc5 64. Be1 Qe3+ {White resigns} 0-1

[Event "Team 45 45 League T79"]
[Site "Internet Chess Club"]
[Date "2019.02.04"]
[Round "6"]
[White "pagliaci"]
[Black "kingsrook"]
[Result "1-0"]
[WhiteElo "1258"]
[BlackElo "1154"]
[Opening "Sicilian: closed"]
[ECO "B23"]
[Time "16:30:44"]
[TimeControl "2700+45"]

1. e4 c5 2. Nc3 e6 3. Nge2 d5 4. g3 d4 5. Nb5 a6 6. Na3 e5 7. f4 Nc6 8. fxe5
Nxe5 9. Nf4 Nf6 10. d3 Be7 11. c3 O-O 12. cxd4 cxd4 13. Bg2 Bg4 14. Qa4 Bf3 15.
Bxf3 Nxf3+ 16. Kf2 Ne5 17. Nc2 Bc5 18. Bd2 Nfg4+ 19. Kg2 b5 20. Qb3 Nf6 21. Bb4
Rc8 22. Rac1 Qd6 23. Bxc5 Rxc5 24. Ne2 Nc6 25. Rhf1 Qe5 26. Rf5 Qe6 27. Rxc5
Qxb3 28. axb3 Rc8 29. Ncxd4 {Black resigns} 1-0

[Event "Team 45 45 League T79"]
[Site "Internet Chess Club"]
[Date "2019.02.05"]
[Round "6"]
[White "Conjurer"]
[Black "Andaluz"]
[Result "0-1"]
[WhiteElo "1258"]
[BlackElo "1248"]
[Opening "Queen's pawn: London system"]
[ECO "A45"]
[Time "13:03:57"]
[TimeControl "2700+45"]

1. d4 Nf6 2. Bf4 d6 3. e3 e6 4. Nf3 Be7 5. c4 c6 6. h3 d5 7. Nc3 Nbd7 8. Bd3
dxc4 9. Bxc4 Nb6 10. Bd3 Nbd5 11. Be5 Bd6 12. O-O Bxe5 13. Nxe5 Nd7 14. Qf3 Nxe5
15. dxe5 Nxc3 16. Bc2 Nd5 17. Rad1 g5 18. e4 Qe7 19. exd5 exd5 20. Rfe1 h6 21.
Bf5 Be6 22. Bxe6 Qxe6 23. Qf6 Kd7 24. Qxe6+ Kxe6 25. b4 Rhd8 26. Rd4 a5 27. a3
axb4 28. axb4 Ra4 29. f4 c5 30. Rd2 Rxb4 31. g3 gxf4 32. gxf4 Rxf4 33. Rf2 Rxf2
34. Kxf2 {White resigns} 0-1

[Event "Team 45 45 League T79"]
[Site "Internet Chess Club"]
[Date "2019.01.30"]
[Round "6"]
[White "SeniorCitizen"]
[Black "bardu"]
[Result "0-1"]
[WhiteElo "1167"]
[BlackElo "1277"]
[Opening "Sicilian: Najdorf, Opocensky variation"]
[ECO "B92"]
[Time "14:01:53"]
[TimeControl "2700+45"]

1. e4 c5 2. Nf3 d6 3. d4 cxd4 4. Nxd4 Nf6 5. Nc3 a6 6. Be2 e5 7. Nb3 Be7 8. O-O
O-O 9. Be3 Be6 10. Qd2 Nbd7 11. Kh1 Rc8 12. f4 Qc7 13. f5 Bc4 14. Bd3 Rfd8 15.
Rf3 d5 16. Bg5 dxe4 17. Nxe4 Nxe4 18. Bxe4 Nc5 19. Qe3 Bxg5 20. Qe1 Nxe4 21.
Qxe4 Bd5 {White resigns} 0-1

[Event "Team 45 45 League T79"]
[Site "Internet Chess Club"]
[Date "2019.01.31"]
[Round "6"]
[White "guyd52"]
[Black "olivermx"]
[Result "0-1"]
[WhiteElo "1171"]
[BlackElo "1177"]
[Opening "Réti opening"]
[ECO "A05"]
[Time "19:00:29"]
[TimeControl "2700+45"]

1. Nf3 Nf6 2. g3 d6 3. d4 d5 4. Bf4 Nbd7 5. Bg2 e6 6. Nbd2 c5 7. c3 b6 8. e4 Bb7
9. e5 Ng8 10. O-O f6 11. Bh3 f5 12. Qa4 Qc8 13. Ng5 Bc6 14. Qc2 Nb8 15. Rfb1 Bd7
16. Ngf3 Ne7 17. Bf1 Ng6 18. Be3 Be7 19. Nb3 c4 20. Nc1 O-O 21. b3 cxb3 22. axb3
f4 23. Bd2 fxg3 24. Ng5 gxf2+ 25. Kg2 Bxg5 26. Bxg5 Qe8 27. Be3 Nh4+ 28. Kh1 Qh5
29. Nd3 Qf3+ 30. Bg2 Qxg2# {White checkmated} 0-1

[Event "Team 45 45 League T79"]
[Site "Internet Chess Club"]
[Date "2019.01.30"]
[Round "6"]
[White "oldbookseller"]
[Black "ticktockman"]
[Result "0-1"]
[WhiteElo "1028"]
[BlackElo "1118"]
[Opening "Queen's pawn game"]
[ECO "D05"]
[Time "09:31:03"]
[TimeControl "2700+45"]

1. d4 d5 2. Nf3 e6 3. e3 Nf6 4. Bd3 g6 5. O-O Bg7 6. Nbd2 O-O 7. Re1 Nbd7 8. c3
c5 9. e4 dxe4 10. Nxe4 cxd4 11. cxd4 Nxe4 12. Bxe4 Nf6 13. Bc2 b6 14. Bg5 Bb7
15. Bb3 Bd5 16. Bc2 Bb7 17. Qd3 a5 18. Ne5 Ba6 19. Qh3 Qxd4 20. Ng4 Nxg4 21. Be3
Nxe3 22. fxe3 Qxb2 23. Be4 Rab8 24. Rad1 Qxa2 25. Rd4 Bxd4 26. exd4 Qd2 27. Qg3
Qxd4+ 28. Re3 a4 29. Kf2 b5 30. Qh4 a3 31. Ke2 b4+ 32. Bd3 Qxh4 33. Bxa6 a2
{White resigns} 0-1